Flyers vs Devils
(R1)
Created - 14 mars 2015 at 23:38
Goals
|
| Flyers |
2 |
2 |
2 |
6 |
| Devils |
1 |
0 |
4 |
5 |
|
Shots
|
| Flyers |
7 |
12 |
8 |
27 |
| Devils |
9 |
8 |
21 |
38 |
|
1st period
1. Flyers , Jarome Iginla 35 (Scott Hartnell, Kyle Wellwood) at 6:59
2. Devils , Mike Komisarek 4 (Radim Vrbata, Vincent Lecavalier) at 10:58
3. Flyers , Jeff Carter 35 (Stephane Robidas, Mike York) at 17:31
Penalties :
Nils Ekman (Phi) for Interference (Minor) at 11:01
2nd period
4. Flyers , Stephane Robidas 5 (Kyle Wellwood) at 2:20 (PP)
5. Flyers , Jarome Iginla 36 (Eric Brewer, Kyle Wellwood) at 2:36 (PP)
Penalties :
Jay Bouwmeester (NJD) for Kneeing (Major) at 2:03, Brad Ference (NJD) for Holding (Minor) at 11:20, Eric Brewer (Phi) for Tripping (Minor) at 14:48
3rd period
6. Devils , Mike Ribeiro 35 (Maxim Afinogenov) at 4:29
7. Flyers , Jeff Carter 36 (Jarome Iginla) at 5:02
8. Flyers , Kyle Wellwood 20 (Jarome Iginla, Scott Hartnell) at 5:17
9. Devils , Vincent Lecavalier 42 (Michael Frolik, Mike Komisarek) at 15:19
10. Devils , Mike Lundin 5 (Mike Ribeiro, Zach Parise) at 19:47
11. Devils , Stephen Weiss 22 (Ladislav Nagy, Mike Komisarek) at 19:59
Penalties :
Petr Schastlivy (Phi) for Roughing (Minor) at 1:36, Matthew Lombardi (Phi) for Hooking (Minor) at 6:34, Jay Bouwmeester (NJD) for Fighting (Major) at 9:12, Nils Ekman (Phi) for Fighting (Major) at 9:12, Stephane Robidas (Phi) for Hooking (Minor) at 12:24, Nils Ekman (Phi) for Holding (Minor) at 15:30
Goalie Stats
Robin Lehner (Phi), 33 saves from 38 shots - (0,868), W, 2-1-1, 60:00 minutes
Dan Ellis (NJD), 15 saves from 17 shots - (0,882), L, 16-9-2, 37:24 minutes
Viktor Fasth (NJD), 6 saves from 10 shots - (0,600), 22:36 minutes
Players Stats for Flyers
Player Name G A P +/- PIM S H SB GA TA FO MP PP MP PK MP
------------------------------------------------------------------------------------
Eric Brewer 0 1 1 0 2 0 1 2 0 0 0/0 22:49 3:05 3:57
Hnat Domenichelli 0 0 0 0 0 0 0 0 0 0 0/1 12:06 0:48 4:53
Jarome Iginla 2 2 4 2 0 5 2 1 0 0 0/0 14:22 3:33 0:00
Jeff Carter 2 0 2 0 0 3 1 0 2 0 4/12 18:27 2:34 3:11
Jeff O'Neill 0 0 0 0 0 0 0 0 1 0 1/2 7:33 0:48 0:43
Jeff Woywitka 0 0 0 0 0 0 0 1 0 0 0/0 24:03 3:18 5:04
Jonathan Ericsson 0 0 0 -1 0 0 4 3 0 1 0/0 25:56 3:05 7:13
Kyle Wellwood 1 3 4 2 0 4 0 0 0 1 9/20 17:00 3:36 2:24
Martin St. Louis 0 0 0 0 0 3 1 2 1 0 0/2 13:47 2:34 0:00
Matthew Lombardi 0 0 0 -3 2 1 3 0 1 0 17/33 17:54 0:00 5:36
Michael Ryder 0 0 0 0 0 0 1 0 1 0 0/0 6:53 0:51 0:00
Mike York 0 1 1 0 0 0 0 2 1 0 0/0 15:35 2:34 1:21
Nils Ekman 0 0 0 -3 9 2 0 0 0 1 0/1 14:52 0:00 3:20
Petr Schastlivy 0 0 0 -3 2 1 1 2 0 0 0/0 12:25 0:00 0:00
Randy Jones 0 0 0 0 0 1 0 0 0 0 0/0 18:02 0:35 7:15
Scott Hartnell 0 2 2 2 0 4 0 0 1 0 1/1 17:00 3:36 2:24
Stephane Robidas 1 1 2 -1 2 2 1 2 0 0 0/0 19:02 3:18 0:19
Trevor Daley 0 0 0 0 0 1 0 0 0 0 0/0 10:17 0:35 0:00
Players Stats for Devils
Player Name G A P +/- PIM S H SB GA TA FO MP PP MP PK MP
------------------------------------------------------------------------------------
Andy Greene 0 0 0 -2 0 1 1 0 0 0 0/0 11:05 0:30 1:29
Ben Lovejoy 0 0 0 2 0 2 1 1 0 1 0/0 24:42 7:10 3:12
Brad Ference 0 0 0 -2 2 2 1 1 0 0 0/0 19:04 4:44 1:45
Greg Stewart 0 0 0 0 0 2 0 0 1 0 0/0 8:42 0:00 1:12
Guillaume Latendresse 0 0 0 1 0 0 3 0 0 0 0/1 21:50 6:36 3:33
Jason Arnott 0 0 0 0 0 2 2 0 0 0 6/10 11:04 0:00 3:34
Jay Bouwmeester 0 0 0 1 10 2 0 2 2 0 0/0 22:51 4:14 1:06
Ladislav Nagy 0 1 1 0 0 1 1 0 0 0 1/1 9:06 0:00 1:10
Maxim Afinogenov 0 1 1 0 0 3 1 1 0 1 2/2 19:18 5:18 0:00
Michael Frolik 0 1 1 0 0 4 0 1 0 1 0/0 15:27 6:36 0:00
Mike Komisarek 1 2 3 1 0 1 0 0 0 4 0/0 19:38 0:00 2:14
Mike Lundin 1 0 1 2 0 3 3 3 0 0 0/0 22:38 7:10 4:10
Mike Ribeiro 1 1 2 0 0 7 1 1 0 0 11/26 13:46 0:00 0:11
Patrick Eaves 0 0 0 0 0 0 0 0 0 0 0/0 7:30 0:00 0:00
Radim Vrbata 0 1 1 1 0 3 1 0 0 0 0/0 10:46 0:00 0:00
Stephen Weiss 1 0 1 0 0 1 2 0 0 1 3/4 13:39 5:18 0:00
Vincent Lecavalier 1 1 2 1 0 1 2 0 0 0 16/27 20:26 6:36 2:08
Zach Parise 0 1 1 0 0 3 1 0 0 0 1/1 21:27 5:18 2:08
3 Stars
1 - Jarome Iginla (Phi)
2 - Kyle Wellwood (Phi)
3 - Mike Komisarek (NJD)
Power Play
Flyers - 2 on 4 Attempt(s) - 50,00%
Devils - 0 on 6 Attempt(s) - 0,00%
Penalty Kill
Flyers - 6 on 6 Attempt(s) - 100,00%
- Score 0 goal in Penalty Kill
Devils - 2 on 4 Attempt(s) - 50,00%
- Score 0 goal in Penalty Kill
Team Stat
Flyers - Hits : 15 - Faceoff Wins : 32 - Blocked Shots : 15 - Penalty Minutes : 17
Devils - Hits : 20 - Faceoff Wins : 40 - Blocked Shots : 10 - Penalty Minutes : 12
Official
Referees : L'Ecuyer Frederick and VanMassenhoven Don
Linesman : Dan Schachte and Derek Nansen
Game Notes
Dan Ellis enters game at 2:36 of 2nd period
14:52 of 2nd period - Devils goal is going for a video replay. After video review, No Goal. The net was displaced accidentally.
Jay Bouwmeester and Nils Ekman fight to a draw at 9:12 of 3rd period
Finance
Level 1 -- Attendance: 6000 (100,00%) -- Ticket Income 510 000 $
Level 2 -- Attendance: 4824 (96,48%) -- Ticket Income 250 848 $
Level 3 -- Attendance: 1895 (94,75%) -- Ticket Income 53 060 $
Level 4 -- Attendance: 4000 (100,00%) -- Ticket Income 80 000 $
Luxury Box -- Attendance: 745 (74,50%) -- Ticket Income 126 650 $
Game was played at the The prudential Center'
Total Attendance: 17464 (97,02%)
Total Ticket Income: 1 020 558 $
Other Income: 153 084 $
Total Income: 1 173 642 $
Flyers
5 vs 5 Forward
Center Left Wing Right Wing Time % Phy DF OF
1 Matthew Lombardi Petr Schastlivy Nils Ekman 35 0 5 0
2 Kyle Wellwood Scott Hartnell Jarome Iginla 30 0 3 2
3 Jeff Carter Mike York Martin St. Louis 30 0 2 3
4 Jeff O'Neill Hnat Domenichelli Michael Ryder 5 0 3 2
5 vs 5 Defense
Defense Defense Time % Phy DF OF
1 Stephane Robidas Jonathan Ericsson 40 0 3 2
2 Eric Brewer Jeff Woywitka 40 0 3 2
3 Randy Jones Trevor Daley 15 0 5 0
4 Eric Brewer Jeff Woywitka 5 0 2 3
PowerPlay Forward
Center Left Wing Right Wing Time % Phy DF OF
1 Kyle Wellwood Scott Hartnell Jarome Iginla 60 0 0 5
2 Jeff Carter Mike York Martin St. Louis 40 0 0 5
PowerPlay Defense
Defense Defense Time % Phy DF OF
1 Stephane Robidas Jeff Woywitka 50 0 1 4
2 Eric Brewer Jonathan Ericsson 50 0 1 4
Penalty Kill 4 Players Forward
Center Wing Time % Phy DF OF
1 Matthew Lombardi Nils Ekman 60 0 5 0
2 Kyle Wellwood Scott Hartnell 40 0 5 0
Penalty Kill 4 Players Defense
Defense Defense Time % Phy DF OF
1 Randy Jones Jonathan Ericsson 60 0 5 0
2 Jeff Woywitka Eric Brewer 40 0 5 0
Penalty Kill - 3 Players Forward
Forward Time % Phy DF OF
1 Matthew Lombardi 60 0 5 0
2 Kyle Wellwood 40 0 5 0
Penalty Kill - 3 Players Defense
Defense Defense Time % Phy DF OF
1 Jonathan Ericsson Randy Jones 60 0 5 0
2 Eric Brewer Jeff Woywitka 40 0 5 0
4 vs 4 Forward
Center Wing Time % Phy DF OF
1 Jeff Carter Martin St. Louis 60 0 0 5
2 Kyle Wellwood Jarome Iginla 40 0 0 5
4 vs 4 Defense
Defense Defense Time % Phy DF OF
1 Stephane Robidas Jeff Woywitka 50 0 2 3
2 Eric Brewer Jonathan Ericsson 50 0 2 3
Last Minutes Offensive
Center Left Wing Right Wing Defense Defense
Jeff Carter Scott Hartnell Jarome Iginla Stephane Robidas Jeff Woywitka
Last Minutes Defensive
Center Left Wing Right Wing Defense Defense
Martin St. Louis Scott Hartnell Matthew Lombardi Jeff Woywitka Jonathan Ericsson
Goaltenders
Starting : Robin Lehner
Backup : Niklas Backstrom
Extra Forwards
Normal : Jeff Carter, Jarome Iginla, Martin St. Louis - PP : Jeff Carter, Jarome Iginla - PK : Matthew Lombardi
Extra Defensemen
Normal : Stephane Robidas, Jeff Woywitka, Jonathan Ericsson - PP : Stephane Robidas - PK : Jeff Woywitka, Jonathan Ericsson
Penalty Shots
Jeff Carter, Jarome Iginla, Martin St. Louis, Michael Ryder, Jeff O'Neill
Devils
5 vs 5 Forward
Center Left Wing Right Wing Time % Phy DF OF
1 Mike Ribeiro Zach Parise Maxim Afinogenov 40 1 2 2
2 Vincent Lecavalier Guillaume Latendresse Radim Vrbata 30 1 2 2
3 Stephen Weiss Ladislav Nagy Michael Frolik 20 1 2 2
4 Jason Arnott Greg Stewart Patrick Eaves 10 1 2 2
5 vs 5 Defense
Defense Defense Time % Phy DF OF
1 Jay Bouwmeester Mike Komisarek 40 1 2 2
2 Ben Lovejoy Mike Lundin 30 1 2 2
3 Andy Greene Brad Ference 20 1 2 2
4 Ben Lovejoy Brad Ference 10 1 2 2
PowerPlay Forward
Center Left Wing Right Wing Time % Phy DF OF
1 Vincent Lecavalier Guillaume Latendresse Michael Frolik 60 0 2 3
2 Stephen Weiss Zach Parise Maxim Afinogenov 40 0 2 3
PowerPlay Defense
Defense Defense Time % Phy DF OF
1 Ben Lovejoy Mike Lundin 60 1 2 2
2 Brad Ference Jay Bouwmeester 40 1 2 2
Penalty Kill 4 Players Forward
Center Wing Time % Phy DF OF
1 Jason Arnott Guillaume Latendresse 60 1 2 2
2 Vincent Lecavalier Zach Parise 40 1 2 2
Penalty Kill 4 Players Defense
Defense Defense Time % Phy DF OF
1 Jay Bouwmeester Mike Lundin 60 1 2 2
2 Brad Ference Mike Komisarek 40 1 2 2
Penalty Kill - 3 Players Forward
Forward Time % Phy DF OF
1 Jason Arnott 60 1 2 2
2 Vincent Lecavalier 40 1 2 2
Penalty Kill - 3 Players Defense
Defense Defense Time % Phy DF OF
1 Jay Bouwmeester Mike Komisarek 60 1 2 2
2 Brad Ference Ben Lovejoy 40 1 2 2
4 vs 4 Forward
Center Wing Time % Phy DF OF
1 Vincent Lecavalier Michael Frolik 60 1 2 2
2 Stephen Weiss Guillaume Latendresse 40 1 2 2
4 vs 4 Defense
Defense Defense Time % Phy DF OF
1 Mike Komisarek Jay Bouwmeester 60 1 2 2
2 Ben Lovejoy Mike Lundin 40 1 2 2
Last Minutes Offensive
Center Left Wing Right Wing Defense Defense
Vincent Lecavalier Zach Parise Maxim Afinogenov Ben Lovejoy Jay Bouwmeester
Last Minutes Defensive
Center Left Wing Right Wing Defense Defense
Jason Arnott Guillaume Latendresse Maxim Afinogenov Mike Komisarek Jay Bouwmeester
Goaltenders
Starting : Viktor Fasth
Backup : Dan Ellis
Extra Forwards
Normal : Mike Ribeiro, Greg Stewart, Ladislav Nagy - PP : Mike Ribeiro, Greg Stewart - PK : Ladislav Nagy
Extra Defensemen
Normal : Ben Lovejoy, Mike Komisarek, Mike Lundin - PP : Andy Greene - PK : Ben Lovejoy, Mike Lundin
Penalty Shots
Vincent Lecavalier, Maxim Afinogenov, Guillaume Latendresse, Michael Frolik, Mike Ribeiro
% Time on Ice - Flyers
Lines # - Real PCT - Wanted PCT - Time Play
Normal Forward
1 - 31% - 35% - 12:57
2 - 27% - 30% - 11:05
3 - 27% - 30% - 11:04
4 - 15% - 5% - 6:02
Normal Defense
1 - 38% - 40% - 15:38
2 - 38% - 40% - 15:34
3 - 24% - 15% - 9:42
4 - 1% - 5% - 0:14
PP Forward
1 - 63% - 60% - 4:24
2 - 37% - 40% - 2:34
PP Defense
1 - 47% - 50% - 3:18
2 - 53% - 50% - 3:40
PK Forward
1 - 80% - 60% - 9:30
2 - 20% - 40% - 2:24
PK Defense
1 - 55% - 60% - 6:31
2 - 45% - 40% - 5:23
PK3 Forward
1 - 0% - 60%
2 - 0% - 40%
PK3 Defense
1 - 0% - 60%
2 - 0% - 40%
44 Forward
1 - 0% - 60%
2 - 0% - 40%
44 Defense
1 - 0% - 50%
2 - 0% - 50%
Last Minute Offensive - 0:00
Last Minute Defensive - 0:00
Total
Forward - 60:00
Defense - 60:00
|
% Time on Ice - Devils
Lines # - Real PCT - Wanted PCT - Time Play
Normal Forward
1 - 35% - 40% - 14:30
2 - 27% - 30% - 11:12
3 - 19% - 20% - 7:56
4 - 18% - 10% - 7:30
Normal Defense
1 - 42% - 40% - 17:19
2 - 33% - 30% - 13:35
3 - 21% - 20% - 8:41
4 - 4% - 10% - 1:33
PP Forward
1 - 55% - 60% - 6:36
2 - 45% - 40% - 5:18
PP Defense
1 - 60% - 60% - 7:10
2 - 40% - 40% - 4:44
PK Forward
1 - 69% - 60% - 4:50
2 - 31% - 40% - 2:08
PK Defense
1 - 68% - 60% - 4:44
2 - 32% - 40% - 2:14
PK3 Forward
1 - 0% - 60%
2 - 0% - 40%
PK3 Defense
1 - 0% - 60%
2 - 0% - 40%
44 Forward
1 - 0% - 60%
2 - 0% - 40%
44 Defense
1 - 0% - 60%
2 - 0% - 40%
Last Minute Offensive - 0:00
Last Minute Defensive - 0:00
Total
Forward - 60:00
Defense - 60:00
|
Play by Play
1st period
0:01 of 1st period - Matthew Lombardi wins face-off versus Mike Ribeiro in neutral zone.
0:04 of 1st period - Wrist shot by Stephane Robidas.
0:04 of 1st period - Stopped by Viktor Fasth without a rebound.
0:05 of 1st period - Matthew Lombardi wins face-off versus Mike Ribeiro in Devils zone.
0:06 of 1st period - Snap shot by Petr Schastlivy.
0:06 of 1st period - Shot Misses the Net.
0:15 of 1st period - Off-side.
0:16 of 1st period - Kyle Wellwood wins face-off versus Vincent Lecavalier in neutral zone.
0:30 of 1st period - Eric Brewer is hit by Mike Lundin and loses puck.
0:41 of 1st period - Jeff Woywitka is hit by Stephen Weiss and loses puck.
2:14 of 1st period - Wrist shot by Jeff Carter.
2:14 of 1st period - Shot Misses the Net.
2:36 of 1st period - Backhand shot by Matthew Lombardi.
2:36 of 1st period - Stopped by Viktor Fasth with a rebound.
2:50 of 1st period - Jeff Woywitka is hit by Brad Ference and loses puck.
2:55 of 1st period - Wrist shot by Patrick Eaves.
2:55 of 1st period - Shot Misses the Net.
2:57 of 1st period - Slapshot by Andy Greene.
2:57 of 1st period - Shot Blocked by Petr Schastlivy.
2:59 of 1st period - Slapshot by Brad Ference.
2:59 of 1st period - Stopped by Robin Lehner without a rebound.
3:00 of 1st period - Jeff Carter wins face-off versus Vincent Lecavalier in Flyers zone.
3:13 of 1st period - Guillaume Latendresse is hit by Jeff Carter and loses puck.
3:26 of 1st period - Scott Hartnell is hit by Zach Parise and loses puck.
3:31 of 1st period - Wrist shot by Zach Parise.
3:31 of 1st period - Shot Misses the Net.
3:33 of 1st period - Slapshot by Ben Lovejoy.
3:33 of 1st period - Shot Misses the Net.
3:35 of 1st period - Snap shot by Mike Ribeiro.
3:35 of 1st period - Stopped by Robin Lehner with a rebound.
3:49 of 1st period - Brad Ference is hit by Stephane Robidas and loses puck.
4:36 of 1st period - Martin St. Louis is hit by Radim Vrbata and loses puck.
4:41 of 1st period - Slapshot by Radim Vrbata.
4:41 of 1st period - Stopped by Robin Lehner with a rebound.
4:55 of 1st period - Zach Parise is hit by Jarome Iginla and loses puck.
5:04 of 1st period - Slapshot by Jarome Iginla.
5:04 of 1st period - Deflect By Kyle Wellwood.
5:04 of 1st period - Shot Blocked by Mike Lundin.
5:04 of 1st period - Puck is out of play.
5:05 of 1st period - Matthew Lombardi wins face-off versus Vincent Lecavalier in Devils zone.
5:13 of 1st period - Off-side.
5:14 of 1st period - Vincent Lecavalier wins face-off versus Nils Ekman in neutral zone.
5:17 of 1st period - Slapshot by Jay Bouwmeester.
5:17 of 1st period - Stopped by Robin Lehner without a rebound.
5:18 of 1st period - Zach Parise wins face-off versus Kyle Wellwood in Flyers zone.
5:48 of 1st period - Snap shot by Martin St. Louis.
5:48 of 1st period - Stopped by Viktor Fasth with a rebound.
6:42 of 1st period - Off-side.
6:43 of 1st period - Kyle Wellwood wins face-off versus Mike Ribeiro in neutral zone.
6:48 of 1st period - Zach Parise is hit by Jonathan Ericsson and loses puck.
6:59 of 1st period - Snap shot by Jarome Iginla.
6:59 of 1st period - Goal by Jarome Iginla - Flyers : 1 - Devils : 0.
7:00 of 1st period - Jeff Carter wins face-off versus Mike Ribeiro in neutral zone.
7:14 of 1st period - Backhand shot by Maxim Afinogenov.
7:14 of 1st period - Stopped by Robin Lehner with a rebound.
7:16 of 1st period - Backhand shot by Ben Lovejoy.
7:16 of 1st period - Shot Blocked by Jeff Woywitka.
7:51 of 1st period - Stephen Weiss is hit by Jonathan Ericsson and loses puck.
9:46 of 1st period - Slapshot by Martin St. Louis.
9:46 of 1st period - Stopped by Viktor Fasth without a rebound.
9:47 of 1st period - Mike Ribeiro wins face-off versus Martin St. Louis in Devils zone.
9:52 of 1st period - Slapshot by Martin St. Louis.
9:52 of 1st period - Shot Blocked by Mike Lundin.
10:06 of 1st period - Snap shot by Maxim Afinogenov.
10:06 of 1st period - Shot Misses the Net.
10:08 of 1st period - Wrist shot by Zach Parise.
10:08 of 1st period - Shot Misses the Net.
10:10 of 1st period - Snap shot by Mike Ribeiro.
10:10 of 1st period - Stopped by Robin Lehner without a rebound.
10:11 of 1st period - Vincent Lecavalier wins face-off versus Matthew Lombardi in Flyers zone.
10:52 of 1st period - Wrist shot by Vincent Lecavalier.
10:52 of 1st period - Shot Blocked by Martin St. Louis.
10:54 of 1st period - Wrist shot by Radim Vrbata.
10:54 of 1st period - Shot Misses the Net.
10:56 of 1st period - Snap shot by Radim Vrbata.
10:56 of 1st period - Stopped by Robin Lehner with a rebound.
10:58 of 1st period - Wrist shot by Mike Komisarek.
10:58 of 1st period - Deflect By Martin St. Louis.
10:58 of 1st period - Goal by Mike Komisarek - Flyers : 1 - Devils : 1.
10:59 of 1st period - Matthew Lombardi wins face-off versus Mike Ribeiro in neutral zone.
11:01 of 1st period - Minor Penalty to Nils Ekman for Interference.
11:02 of 1st period - Matthew Lombardi wins face-off versus Vincent Lecavalier in Flyers zone.
13:01 of 1st period - Penalty to Nils Ekman is over, Nils Ekman is back on ice.
13:18 of 1st period - Jeff Carter is hit by Jason Arnott and loses puck.
14:06 of 1st period - Jay Bouwmeester is hit by Matthew Lombardi and loses puck.
14:23 of 1st period - Kyle Wellwood is hit by Jason Arnott and loses puck.
15:02 of 1st period - Icing by Kyle Wellwood.
15:03 of 1st period - Jeff Carter wins face-off versus Mike Ribeiro in Flyers zone.
15:41 of 1st period - Michael Frolik is hit by Eric Brewer.
16:01 of 1st period - Mike York is hit by Vincent Lecavalier and loses puck.
16:26 of 1st period - Trevor Daley is hit by Ben Lovejoy and loses puck.
17:25 of 1st period - Snap shot by Jeff Carter.
17:25 of 1st period - Shot Blocked by Michael Frolik.
17:27 of 1st period - Snap shot by Mike York.
17:27 of 1st period - Shot Misses the Net.
17:29 of 1st period - Slapshot by Stephane Robidas.
17:29 of 1st period - Shot Blocked by Brad Ference.
17:31 of 1st period - Slapshot by Jeff Carter.
17:31 of 1st period - Goal by Jeff Carter - Flyers : 2 - Devils : 1.
17:32 of 1st period - Matthew Lombardi wins face-off versus Mike Ribeiro in neutral zone.
17:37 of 1st period - Wrist shot by Matthew Lombardi.
17:37 of 1st period - Deflect By Petr Schastlivy.
17:37 of 1st period - Shot Blocked by Ben Lovejoy.
17:37 of 1st period - Puck is out of play.
17:38 of 1st period - Matthew Lombardi wins face-off versus Mike Ribeiro in Devils zone.
17:45 of 1st period - Wrist shot by Matthew Lombardi.
17:45 of 1st period - Shot Misses the Net.
17:47 of 1st period - Wrist shot by Nils Ekman.
17:47 of 1st period - Stopped by Viktor Fasth with a rebound.
17:49 of 1st period - Wrist shot by Nils Ekman.
17:49 of 1st period - Shot Blocked by Maxim Afinogenov.
18:03 of 1st period - Wrist shot by Vincent Lecavalier.
18:03 of 1st period - Shot Misses the Net.
18:25 of 1st period - Martin St. Louis is hit by Ladislav Nagy and loses puck.
18:42 of 1st period - Slapshot by Mike Lundin.
18:42 of 1st period - Shot Misses the Net.
18:44 of 1st period - Slapshot by Jason Arnott.
18:44 of 1st period - Deflect By Patrick Eaves.
18:44 of 1st period - Shot Misses the Net.
18:44 of 1st period - Puck is out of play.
18:45 of 1st period - Jeff O'Neill wins face-off versus Jason Arnott in Flyers zone.
18:54 of 1st period - Snap shot by Patrick Eaves.
18:54 of 1st period - Shot Misses the Net.
18:56 of 1st period - Wrist shot by Greg Stewart.
18:56 of 1st period - Stopped by Robin Lehner without a rebound.
18:57 of 1st period - Matthew Lombardi wins face-off versus Mike Ribeiro in Flyers zone.
18:57 of 1st period - Matthew Lombardi is hit by Maxim Afinogenov.
19:05 of 1st period - Snap shot by Petr Schastlivy.
19:05 of 1st period - Shot Misses the Net.
19:46 of 1st period - Snap shot by Michael Ryder.
19:46 of 1st period - Shot Misses the Net.
Goals for this period are 2 for Flyers vs 1 for Devils.
Shots for this period are 7 for Flyers vs 9 for Devils.
2nd period
0:01 of 2nd period - Maxim Afinogenov wins face-off versus Jeff Carter in neutral zone.
0:38 of 2nd period - Stephane Robidas is hit by Stephen Weiss.
1:00 of 2nd period - Wrist shot by Jeff Carter.
1:00 of 2nd period - Shot Misses the Net.
1:02 of 2nd period - Wrist shot by Martin St. Louis.
1:02 of 2nd period - Stopped by Viktor Fasth without a rebound.
1:03 of 2nd period - Mike Ribeiro wins face-off versus Matthew Lombardi in Devils zone.
1:08 of 2nd period - Snap shot by Matthew Lombardi.
1:08 of 2nd period - Shot Misses the Net.
1:20 of 2nd period - Snap shot by Maxim Afinogenov.
1:20 of 2nd period - Stopped by Robin Lehner without a rebound.
1:21 of 2nd period - Kyle Wellwood wins face-off versus Vincent Lecavalier in Flyers zone.
2:03 of 2nd period - Major Penalty to Jay Bouwmeester for Kneeing.
2:04 of 2nd period - Jason Arnott wins face-off versus Kyle Wellwood in Devils zone.
2:12 of 2nd period - Off-side.
2:13 of 2nd period - Kyle Wellwood wins face-off versus Jason Arnott in neutral zone.
2:18 of 2nd period - Slapshot by Stephane Robidas.
2:18 of 2nd period - Shot Misses the Net.
2:20 of 2nd period - Slapshot by Stephane Robidas.
2:20 of 2nd period - Goal by Stephane Robidas - Flyers : 3 - Devils : 1.
2:21 of 2nd period - Kyle Wellwood wins face-off versus Jason Arnott in neutral zone.
2:32 of 2nd period - Wrist shot by Kyle Wellwood.
2:32 of 2nd period - Shot Misses the Net.
2:34 of 2nd period - Slapshot by Eric Brewer.
2:34 of 2nd period - Shot Misses the Net.
2:36 of 2nd period - Wrist shot by Jarome Iginla.
2:36 of 2nd period - Goal by Jarome Iginla - Flyers : 4 - Devils : 1.
2:36 of 2nd period - Dan Ellis enters game.
2:37 of 2nd period - Kyle Wellwood wins face-off versus Jason Arnott in neutral zone.
2:42 of 2nd period - Wrist shot by Kyle Wellwood.
2:42 of 2nd period - Stopped by Dan Ellis with a rebound.
2:44 of 2nd period - Wrist shot by Scott Hartnell.
2:44 of 2nd period - Stopped by Dan Ellis without a rebound.
2:45 of 2nd period - Jason Arnott wins face-off versus Kyle Wellwood in Devils zone.
2:56 of 2nd period - Snap shot by Jason Arnott.
2:56 of 2nd period - Stopped by Robin Lehner with a rebound.
6:00 of 2nd period - Snap shot by Zach Parise.
6:00 of 2nd period - Stopped by Robin Lehner without a rebound.
6:01 of 2nd period - Vincent Lecavalier wins face-off versus Jeff O'Neill in Flyers zone.
6:13 of 2nd period - Zach Parise is hit by Jonathan Ericsson and loses puck.
7:03 of 2nd period - Penalty to Jay Bouwmeester is over, Jay Bouwmeester is back on ice.
7:11 of 2nd period - Backhand shot by Michael Frolik.
7:11 of 2nd period - Stopped by Robin Lehner without a rebound.
7:12 of 2nd period - Ladislav Nagy wins face-off versus Matthew Lombardi in Flyers zone.
7:15 of 2nd period - Wrist shot by Stephen Weiss.
7:15 of 2nd period - Shot Misses the Net.
7:39 of 2nd period - Hnat Domenichelli is hit by Mike Ribeiro and loses puck.
7:48 of 2nd period - Snap shot by Jeff O'Neill.
7:48 of 2nd period - Deflect By Michael Ryder.
7:48 of 2nd period - Shot Misses the Net.
7:48 of 2nd period - Puck is out of play.
7:49 of 2nd period - Kyle Wellwood wins face-off versus Vincent Lecavalier in Devils zone.
7:52 of 2nd period - Wrist shot by Jarome Iginla.
7:52 of 2nd period - Shot Misses the Net.
7:54 of 2nd period - Snap shot by Scott Hartnell.
7:54 of 2nd period - Stopped by Dan Ellis with a rebound.
8:13 of 2nd period - Stephane Robidas is hit by Vincent Lecavalier and loses puck.
8:30 of 2nd period - Wrist shot by Kyle Wellwood.
8:30 of 2nd period - Shot Blocked by Jay Bouwmeester.
8:32 of 2nd period - Wrist shot by Jarome Iginla.
8:32 of 2nd period - Stopped by Dan Ellis with a rebound.
8:34 of 2nd period - Wrist shot by Kyle Wellwood.
8:34 of 2nd period - Stopped by Dan Ellis with a rebound.
8:44 of 2nd period - Snap shot by Scott Hartnell.
8:44 of 2nd period - Shot Misses the Net.
8:46 of 2nd period - Snap shot by Scott Hartnell.
8:46 of 2nd period - Stopped by Dan Ellis without a rebound.
8:47 of 2nd period - Mike Ribeiro wins face-off versus Matthew Lombardi in Devils zone.
8:59 of 2nd period - Off-side.
9:00 of 2nd period - Mike Ribeiro wins face-off versus Matthew Lombardi in neutral zone.
9:46 of 2nd period - Mike Komisarek is hit by Michael Ryder and loses puck.
11:20 of 2nd period - Minor Penalty to Brad Ference for Holding.
11:21 of 2nd period - Jason Arnott wins face-off versus Kyle Wellwood in Devils zone.
12:47 of 2nd period - Ladislav Nagy is hit by Jonathan Ericsson and loses puck.
12:59 of 2nd period - Icing by Jarome Iginla.
13:00 of 2nd period - Kyle Wellwood wins face-off versus Vincent Lecavalier in Flyers zone.
13:20 of 2nd period - Penalty to Brad Ference is over, Brad Ference is back on ice.
13:43 of 2nd period - Matthew Lombardi is hit by Andy Greene and loses puck.
14:46 of 2nd period - Slapshot by Jason Arnott.
14:46 of 2nd period - Stopped by Robin Lehner with a rebound.
14:48 of 2nd period - Minor Penalty to Eric Brewer for Tripping.
14:49 of 2nd period - Vincent Lecavalier wins face-off versus Matthew Lombardi in Flyers zone.
14:50 of 2nd period - Wrist shot by Michael Frolik.
14:50 of 2nd period - Shot Misses the Net.
14:52 of 2nd period - Wrist shot by Mike Lundin.
14:52 of 2nd period - Devils goal is going for a video replay.
14:52 of 2nd period - The goal is refused. The net was displaced accidentally..
14:53 of 2nd period - Matthew Lombardi wins face-off versus Guillaume Latendresse in Flyers zone.
15:28 of 2nd period - Snap shot by Scott Hartnell.
15:28 of 2nd period - Stopped by Dan Ellis with a rebound.
16:48 of 2nd period - Penalty to Eric Brewer is over, Eric Brewer is back on ice.
16:54 of 2nd period - Off-side.
16:55 of 2nd period - Jason Arnott wins face-off versus Kyle Wellwood in neutral zone.
17:05 of 2nd period - Jay Bouwmeester is hit by Jarome Iginla and loses puck.
17:10 of 2nd period - Wrist shot by Scott Hartnell.
17:10 of 2nd period - Shot Misses the Net.
17:20 of 2nd period - Stephane Robidas is hit by Guillaume Latendresse and loses puck.
17:35 of 2nd period - Wrist shot by Maxim Afinogenov.
17:35 of 2nd period - Stopped by Robin Lehner with a rebound.
17:57 of 2nd period - Jonathan Ericsson is hit by Guillaume Latendresse and loses puck.
18:41 of 2nd period - Snap shot by Patrick Eaves.
18:41 of 2nd period - Shot Misses the Net.
18:43 of 2nd period - Wrist shot by Patrick Eaves.
18:43 of 2nd period - Shot Misses the Net.
18:45 of 2nd period - Snap shot by Greg Stewart.
18:45 of 2nd period - Stopped by Robin Lehner with a rebound.
18:47 of 2nd period - Snap shot by Jason Arnott.
18:47 of 2nd period - Shot Blocked by Eric Brewer.
19:06 of 2nd period - Wrist shot by Jeff Carter.
19:06 of 2nd period - Stopped by Dan Ellis without a rebound.
19:07 of 2nd period - Matthew Lombardi wins face-off versus Mike Ribeiro in Devils zone.
19:08 of 2nd period - Slapshot by Petr Schastlivy.
19:08 of 2nd period - Stopped by Dan Ellis without a rebound.
19:09 of 2nd period - Matthew Lombardi wins face-off versus Mike Ribeiro in Devils zone.
19:12 of 2nd period - Wrist shot by Petr Schastlivy.
19:12 of 2nd period - Deflect By Nils Ekman.
19:12 of 2nd period - Shot Blocked by Jay Bouwmeester.
19:12 of 2nd period - Puck is out of play.
19:13 of 2nd period - Mike Ribeiro wins face-off versus Matthew Lombardi in Devils zone.
19:22 of 2nd period - Snap shot by Petr Schastlivy.
19:22 of 2nd period - Deflect By Matthew Lombardi.
19:22 of 2nd period - Shot Misses the Net.
19:22 of 2nd period - Puck is out of play.
19:23 of 2nd period - Mike Ribeiro wins face-off versus Jeff Carter in Devils zone.
19:28 of 2nd period - Slapshot by Jay Bouwmeester.
19:28 of 2nd period - Shot Blocked by Martin St. Louis.
19:54 of 2nd period - Ben Lovejoy is hit by Petr Schastlivy and loses puck.
Goals for this period are 2 for Flyers vs 0 for Devils.
Shots for this period are 12 for Flyers vs 8 for Devils.
3rd period
0:01 of 3rd period - Matthew Lombardi wins face-off versus Mike Ribeiro in neutral zone.
0:08 of 3rd period - Mike Komisarek is hit by Matthew Lombardi and loses puck.
0:13 of 3rd period - Wrist shot by Matthew Lombardi.
0:13 of 3rd period - Shot Misses the Net.
0:15 of 3rd period - Snap shot by Nils Ekman.
0:15 of 3rd period - Stopped by Dan Ellis with a rebound.
1:10 of 3rd period - Wrist shot by Jeff O'Neill.
1:10 of 3rd period - Shot Blocked by Mike Lundin.
1:12 of 3rd period - Slapshot by Randy Jones.
1:12 of 3rd period - Stopped by Dan Ellis without a rebound.
1:13 of 3rd period - Matthew Lombardi wins face-off versus Mike Ribeiro in Devils zone.
1:16 of 3rd period - Wrist shot by Petr Schastlivy.
1:16 of 3rd period - Shot Blocked by Mike Ribeiro.
1:22 of 3rd period - Snap shot by Mike Ribeiro.
1:22 of 3rd period - Stopped by Robin Lehner with a rebound.
1:26 of 3rd period - Wrist shot by Zach Parise.
1:26 of 3rd period - Shot Blocked by Petr Schastlivy.
1:28 of 3rd period - Wrist shot by Jay Bouwmeester.
1:28 of 3rd period - Shot Blocked by Jonathan Ericsson.
1:30 of 3rd period - Slapshot by Jay Bouwmeester.
1:30 of 3rd period - Shot Misses the Net.
1:36 of 3rd period - Minor Penalty to Petr Schastlivy for Roughing.
1:37 of 3rd period - Matthew Lombardi wins face-off versus Vincent Lecavalier in Flyers zone.
2:08 of 3rd period - Snap shot by Zach Parise.
2:08 of 3rd period - Shot Misses the Net.
2:10 of 3rd period - Wrist shot by Zach Parise.
2:10 of 3rd period - Deflect By Maxim Afinogenov.
2:10 of 3rd period - Shot Blocked by Jonathan Ericsson.
2:10 of 3rd period - Puck is out of play.
2:11 of 3rd period - Stephen Weiss wins face-off versus Kyle Wellwood in Flyers zone.
3:00 of 3rd period - Jonathan Ericsson is hit by Mike Lundin and loses puck.
3:36 of 3rd period - Penalty to Petr Schastlivy is over, Petr Schastlivy is back on ice.
3:49 of 3rd period - Snap shot by Kyle Wellwood.
3:49 of 3rd period - Stopped by Dan Ellis with a rebound.
3:58 of 3rd period - Icing by Jay Bouwmeester.
3:59 of 3rd period - Vincent Lecavalier wins face-off versus Jeff Carter in Devils zone.
4:25 of 3rd period - Snap shot by Michael Frolik.
4:25 of 3rd period - Stopped by Robin Lehner without a rebound.
4:26 of 3rd period - Mike Ribeiro wins face-off versus Matthew Lombardi in Flyers zone.
4:27 of 3rd period - Snap shot by Maxim Afinogenov.
4:27 of 3rd period - Shot Misses the Net.
4:29 of 3rd period - Wrist shot by Mike Ribeiro.
4:29 of 3rd period - Goal by Mike Ribeiro - Flyers : 4 - Devils : 2.
4:30 of 3rd period - Mike Ribeiro wins face-off versus Matthew Lombardi in neutral zone.
4:41 of 3rd period - Snap shot by Mike Ribeiro.
4:41 of 3rd period - Shot Misses the Net.
4:47 of 3rd period - Maxim Afinogenov is hit by Matthew Lombardi and loses puck.
5:02 of 3rd period - Slapshot by Jeff Carter.
5:02 of 3rd period - Goal by Jeff Carter - Flyers : 5 - Devils : 2.
5:03 of 3rd period - Scott Hartnell wins face-off versus Vincent Lecavalier in neutral zone.
5:17 of 3rd period - Slapshot by Kyle Wellwood.
5:17 of 3rd period - Goal by Kyle Wellwood - Flyers : 6 - Devils : 2.
5:18 of 3rd period - Maxim Afinogenov wins face-off versus Matthew Lombardi in neutral zone.
5:42 of 3rd period - Icing by Jeff Woywitka.
5:43 of 3rd period - Vincent Lecavalier wins face-off versus Jeff Carter in Flyers zone.
5:46 of 3rd period - Snap shot by Radim Vrbata.
5:46 of 3rd period - Shot Misses the Net.
6:34 of 3rd period - Minor Penalty to Matthew Lombardi for Hooking.
6:35 of 3rd period - Jeff Carter wins face-off versus Vincent Lecavalier in Flyers zone.
6:56 of 3rd period - Icing by Vincent Lecavalier.
6:57 of 3rd period - Vincent Lecavalier wins face-off versus Jeff Carter in Devils zone.
8:08 of 3rd period - Hnat Domenichelli is hit by Mike Lundin and loses puck.
8:34 of 3rd period - Penalty to Matthew Lombardi is over, Matthew Lombardi is back on ice.
8:57 of 3rd period - Snap shot by Jarome Iginla.
8:57 of 3rd period - Stopped by Dan Ellis without a rebound.
8:58 of 3rd period - Jason Arnott wins face-off versus Kyle Wellwood in Devils zone.
9:09 of 3rd period - Wrist shot by Jarome Iginla.
9:09 of 3rd period - Stopped by Dan Ellis with a rebound.
9:11 of 3rd period - Snap shot by Trevor Daley.
9:11 of 3rd period - Stopped by Dan Ellis without a rebound.
9:12 of 3rd period - Vincent Lecavalier wins face-off versus Matthew Lombardi in Devils zone.
9:12 of 3rd period - Jay Bouwmeester and Nils Ekman fight to a draw.
9:12 of 3rd period - Penalty to Jay Bouwmeester for Fighting.
9:12 of 3rd period - Penalty to Nils Ekman for Fighting.
9:13 of 3rd period - Mike Ribeiro wins face-off versus Jeff Carter in Devils zone.
9:24 of 3rd period - Wrist shot by Ben Lovejoy.
9:24 of 3rd period - Deflect By Jonathan Ericsson.
9:24 of 3rd period - Stopped by Robin Lehner with a rebound.
9:26 of 3rd period - Slapshot by Mike Komisarek.
9:26 of 3rd period - Shot Blocked by Mike York.
9:28 of 3rd period - Slapshot by Maxim Afinogenov.
9:28 of 3rd period - Shot Misses the Net.
9:30 of 3rd period - Slapshot by Ben Lovejoy.
9:30 of 3rd period - Stopped by Robin Lehner without a rebound.
9:31 of 3rd period - Matthew Lombardi wins face-off versus Vincent Lecavalier in Flyers zone.
9:31 of 3rd period - Matthew Lombardi is hit by Guillaume Latendresse.
10:03 of 3rd period - Slapshot by Brad Ference.
10:03 of 3rd period - Stopped by Robin Lehner without a rebound.
10:04 of 3rd period - Kyle Wellwood wins face-off versus Mike Ribeiro in Flyers zone.
10:57 of 3rd period - Backhand shot by Petr Schastlivy.
10:57 of 3rd period - Shot Misses the Net.
11:11 of 3rd period - Slapshot by Andy Greene.
11:11 of 3rd period - Shot Misses the Net.
11:13 of 3rd period - Slapshot by Brad Ference.
11:13 of 3rd period - Shot Misses the Net.
11:15 of 3rd period - Wrist shot by Jason Arnott.
11:15 of 3rd period - Shot Misses the Net.
11:37 of 3rd period - Slapshot by Zach Parise.
11:37 of 3rd period - Shot Misses the Net.
11:39 of 3rd period - Wrist shot by Andy Greene.
11:39 of 3rd period - Stopped by Robin Lehner with a rebound.
11:41 of 3rd period - Wrist shot by Zach Parise.
11:41 of 3rd period - Stopped by Robin Lehner without a rebound.
11:42 of 3rd period - Vincent Lecavalier wins face-off versus Kyle Wellwood in Flyers zone.
11:47 of 3rd period - Snap shot by Radim Vrbata.
11:47 of 3rd period - Stopped by Robin Lehner without a rebound.
11:48 of 3rd period - Vincent Lecavalier wins face-off versus Kyle Wellwood in Flyers zone.
11:55 of 3rd period - Slapshot by Vincent Lecavalier.
11:55 of 3rd period - Shot Misses the Net.
11:57 of 3rd period - Slapshot by Ben Lovejoy.
11:57 of 3rd period - Shot Misses the Net.
11:59 of 3rd period - Wrist shot by Vincent Lecavalier.
11:59 of 3rd period - Shot Blocked by Jarome Iginla.
12:01 of 3rd period - Wrist shot by Vincent Lecavalier.
12:01 of 3rd period - Shot Blocked by Jonathan Ericsson.
12:03 of 3rd period - Backhand shot by Radim Vrbata.
12:03 of 3rd period - Shot Misses the Net.
12:24 of 3rd period - Minor Penalty to Stephane Robidas for Hooking.
12:25 of 3rd period - Vincent Lecavalier wins face-off versus Hnat Domenichelli in Flyers zone.
12:44 of 3rd period - Icing by Ben Lovejoy.
12:45 of 3rd period - Vincent Lecavalier wins face-off versus Matthew Lombardi in Devils zone.
13:49 of 3rd period - Slapshot by Ben Lovejoy.
13:49 of 3rd period - Shot Misses the Net.
13:51 of 3rd period - Snap shot by Michael Frolik.
13:51 of 3rd period - Shot Blocked by Mike York.
13:53 of 3rd period - Snap shot by Mike Lundin.
13:53 of 3rd period - Stopped by Robin Lehner without a rebound.
13:54 of 3rd period - Matthew Lombardi wins face-off versus Stephen Weiss in Flyers zone.
14:12 of 3rd period - Penalty to Nils Ekman is over, Nils Ekman is back on ice.
14:24 of 3rd period - Penalty to Stephane Robidas is over, Stephane Robidas is back on ice.
14:31 of 3rd period - Slapshot by Eric Brewer.
14:31 of 3rd period - Deflect By Jeff Carter.
14:31 of 3rd period - Shot Misses the Net.
14:31 of 3rd period - Puck is out of play.
14:32 of 3rd period - Jason Arnott wins face-off versus Martin St. Louis in Devils zone.
14:41 of 3rd period - Snap shot by Greg Stewart.
14:41 of 3rd period - Shot Blocked by Eric Brewer.
15:19 of 3rd period - Snap shot by Michael Frolik.
15:19 of 3rd period - Deflect By Vincent Lecavalier.
15:19 of 3rd period - Goal by Vincent Lecavalier - Flyers : 6 - Devils : 3.
15:20 of 3rd period - Mike Ribeiro wins face-off versus Matthew Lombardi in neutral zone.
15:27 of 3rd period - Wrist shot by Mike Ribeiro.
15:27 of 3rd period - Stopped by Robin Lehner without a rebound.
15:28 of 3rd period - Matthew Lombardi wins face-off versus Mike Ribeiro in Flyers zone.
15:30 of 3rd period - Minor Penalty to Nils Ekman for Holding.
15:31 of 3rd period - Vincent Lecavalier wins face-off versus Matthew Lombardi in Flyers zone.
17:00 of 3rd period - Icing by Brad Ference.
17:01 of 3rd period - Vincent Lecavalier wins face-off versus Jeff Carter in Devils zone.
17:30 of 3rd period - Penalty to Nils Ekman is over, Nils Ekman is back on ice.
17:38 of 3rd period - Brad Ference is hit by Martin St. Louis and loses puck.
17:45 of 3rd period - Snap shot by Martin St. Louis.
17:45 of 3rd period - Deflect By Greg Stewart.
17:45 of 3rd period - Shot Misses the Net.
17:45 of 3rd period - Puck is out of play.
17:46 of 3rd period - Vincent Lecavalier wins face-off versus Kyle Wellwood in Devils zone.
17:53 of 3rd period - Snap shot by Vincent Lecavalier.
17:53 of 3rd period - Shot Blocked by Stephane Robidas.
18:42 of 3rd period - Snap shot by Ladislav Nagy.
18:42 of 3rd period - Deflect By Michael Frolik.
18:42 of 3rd period - Stopped by Robin Lehner without a rebound.
18:43 of 3rd period - Vincent Lecavalier wins face-off versus Matthew Lombardi in Flyers zone.
19:27 of 3rd period - Slapshot by Jay Bouwmeester.
19:27 of 3rd period - Stopped by Robin Lehner without a rebound.
19:28 of 3rd period - Stephen Weiss wins face-off versus Kyle Wellwood in Flyers zone.
19:31 of 3rd period - Snap shot by Michael Frolik.
19:31 of 3rd period - Shot Misses the Net.
19:33 of 3rd period - Slapshot by Michael Frolik.
19:33 of 3rd period - Shot Blocked by Stephane Robidas.
19:35 of 3rd period - Snap shot by Mike Lundin.
19:35 of 3rd period - Deflect By Michael Frolik.
19:35 of 3rd period - Stopped by Robin Lehner with a rebound.
19:37 of 3rd period - Snap shot by Ladislav Nagy.
19:37 of 3rd period - Stopped by Robin Lehner without a rebound.
19:38 of 3rd period - Mike Ribeiro wins face-off versus Matthew Lombardi in Flyers zone.
19:39 of 3rd period - Snap shot by Zach Parise.
19:39 of 3rd period - Stopped by Robin Lehner with a rebound.
19:41 of 3rd period - Snap shot by Mike Ribeiro.
19:41 of 3rd period - Stopped by Robin Lehner with a rebound.
19:43 of 3rd period - Slapshot by Mike Ribeiro.
19:43 of 3rd period - Shot Misses the Net.
19:45 of 3rd period - Snap shot by Mike Ribeiro.
19:45 of 3rd period - Stopped by Robin Lehner with a rebound.
19:47 of 3rd period - Snap shot by Mike Lundin.
19:47 of 3rd period - Goal by Mike Lundin - Flyers : 6 - Devils : 4.
19:48 of 3rd period - Stephen Weiss wins face-off versus Jeff Carter in neutral zone.
19:59 of 3rd period - Slapshot by Stephen Weiss.
19:59 of 3rd period - Goal by Stephen Weiss - Flyers : 6 - Devils : 5.
Goals for this period are 2 for Flyers vs 4 for Devils.
Shots for this period are 8 for Flyers vs 21 for Devils.
Output by the SimonT Hockey Simulator (STHS) for François Prévost -- Original Page W3C XHTML 1.0 Valid